 Dungeon Sprint DCSS version 0.31.0-32-g396128a36d (webtiles) character file.

Game seed: 3821525123278255348

16 Groucho the Digger (level 2, -7/13 HPs)
             Began as a Spriggan Earth Elementalist on Mar 22, 2024.
             Was a Follower of Sif Muna.
             Mangled by a warg (20 damage)
             ... in the Dungeon (Sprint VII: "The Pits").
             The game lasted 00:01:15 (852 turns).

Groucho the Digger (Spriggan Earth Elementalist)     Turns: 852, Time: 00:01:15

Health: -7/13      AC:  2    Str:  4    XL:     2   Next: 41%
Magic:  6/7        EV: 17    Int: 16    God:    Sif Muna [*.....]
Gold:   0          SH:  0    Dex: 15    Spells: 7/8 levels left

rFire   . . .        (weapon restricted)
rCold   . . .        (no shield)
rNeg    . . .        a - +0 robe
rPois   .            (helmet restricted)
rElec   .            (no cloak)
rCorr   .            (gloves unavailable)
SInv    +            (boots unavailable)
Will    .....        (no amulet)
Stlth   ++           (no ring)
HPRegen 0.22/turn    (no ring)
MPRegen 0.10/turn

%: no teleportation
@: hasted, very quick
A: very small, no large weapons, unfitting armour, see invisible, speed 3
a: Renounce Religion, Channel Magic


You were in the Dungeon.
You worshipped Sif Muna.
Sif Muna was aware of your devotion.
You visited 1 branch

Inventory:

Hand Weapons
 h - a +2 dagger
Armour
 a - a +0 robe (worn)
Scrolls
 g - a scroll of blinking
 j - 2 scrolls of vulnerability
 k - 5 scrolls of amnesia
 l - a scroll of butterflies
Potions
 b - 5 potions of magic
 c - a potion of curing
 d - a potion of heal wounds
 f - 3 potions of berserk rage
 i - 2 potions of invisibility


   Skills:
 - Level 2.6 Dodging
 - Level 3.0 Stealth
 + Level 3.7 Spellcasting
 * Level 2.3 Conjurations
 * Level 3.9 Earth Magic


You had 7 spell levels left.
You knew the following spells:

 Your Spells              Type           Power      Damage    Failure   Level
a - Sandblast             Erth           30%        2d9       3%          1

Your spell library contained the following spells:

 Spells                   Type           Power      Damage    Failure   Level
 Passwall                 Erth           15%        N/A       10%         3
 Stone Arrow              Conj/Erth      26%        3d8       14%         3
 Brom's Barrelling Bould  Conj/Erth      13%        2d4       43%         4
 Petrify                  Alch/Erth      9%         N/A       58%         4


Dungeon Overview and Level Annotations

Branches:
Dungeon (1/1)

Altars:
Ashenzari
Cheibriados
Dithmenos
Elyvilon
Fedhas
Gozag
Hepliaklqana
Kikubaaqudgha
Makhleb
Nemelex Xobeh
Okawaru
Qazlal
Ru
Sif Muna
Trog
Uskayaw
Vehumet
Wu Jian
Xom
Yredelemnul
Zin
The Shining One
Jiyva
Lugonu


Innate Abilities, Weirdness & Mutations

You are very small and have problems with some larger weapons.
You are too small for most types of armour.
You have supernaturally acute eyesight. (SInv)
You cover ground extremely quickly. (Speed+++)


Message History

Aim: a giant cockroach (moderately wounded, 82% to hit)
The blast of sand hits the ball python!
You kill the ball python!
Sif Muna accepts your kill.
Unknown command.
Unknown command.
Aiming: Sandblast (safe; 3% risk of failure)
Press: ? - help, Q - select action, (/) - cycle Shift-Dir - straight line, f/p - giant cockroach
Aim: a giant cockroach (moderately wounded, 82% to hit)
The blast of sand hits the giant cockroach.
You kill the giant cockroach!
Sif Muna accepts your kill.
Unknown command.
You start resting.
Magic restored.
You start waiting.
You start waiting.
Done waiting.
There is an open door here.
As you open the door, it creaks loudly!
You hear a howl!
You hear a shout!
You hear a bark!
A warg comes into view.
A scorpion comes into view.
There is an open door here.
The warg attacks as it pursues you! The warg bites you.
There is an open door to the Temple (Safe) here.
There is a glowing golden altar of the Shining One here.
There is a glowing silver altar of Zin here.
There is a basalt altar of Yredelemnul here.
You feel yourself speed up.
There is a shimmering altar of Xom here.
There is an ornate altar of the Wu Jian Council here.
Casting: Sandblast (safe; 3% risk of failure)
Confirm with . or Enter, or press ? or * to list all spells.
Aiming: Sandblast (safe; 3% risk of failure)
Press: ? - help, Shift-Dir - straight line, f - warg
Aim: a warg (77% to hit)
The blast of sand hits the warg but does no damage.
The warg bites you!!
Ouch! That really hurt!
You die...

############
#_________.#
#_________.#
#__@h___.s.#########
##########'##.......
#..(.')))'.##......#
##########.##.......
#...........'.......
+#####'#####......#
#..#..#..##.......
#..'..'..#####'###
##'####+###.......


You could see a warg and a scorpion.

Vanquished Creatures
  An adder (D)
  An endoplasm (D)
  A giant cockroach (D)
  2 jackals (D)
  A quokka (D)
  A ball python (D)
7 creatures vanquished.

Notes
Turn   | Place    | Note
-------+----------+-------------------------------------------
     0 | D        | Groucho the Spriggan Earth Elementalist began the quest for
                  | the Orb.
     0 | D        | Reached XP level 1. HP: 9/9 MP: 5/5
    11 | D        | Reached skill level 1 in Conjurations
    36 | D        | Found a glowing golden altar of the Shining One.
    36 | D        | Found a glowing silver altar of Zin.
    36 | D        | Found a basalt altar of Yredelemnul.
    36 | D        | Found a shimmering altar of Xom.
    36 | D        | Found an ornate altar of the Wu Jian Council.
    36 | D        | Found a bloodstained altar of Trog.
    36 | D        | Found a shimmering blue altar of Sif Muna.
    36 | D        | Found a sacrificial altar of Ru.
    36 | D        | Found a stormy altar of Qazlal.
    36 | D        | Found an iron altar of Okawaru.
    36 | D        | Found a sparkling altar of Nemelex Xobeh.
    36 | D        | Found a burning altar of Makhleb.
    36 | D        | Found a viscous altar of Jiyva.
    36 | D        | Found a hazy altar of Hepliaklqana.
    36 | D        | Found an opulent altar of Gozag.
    36 | D        | Found a blossoming altar of Fedhas.
    36 | D        | Found a white marble altar of Elyvilon.
    36 | D        | Found a shadowy altar of Dithmenos.
    36 | D        | Found a snail-covered altar of Cheibriados.
    37 | D        | Found a radiant altar of Vehumet.
    37 | D        | Found a corrupted altar of Lugonu.
    38 | D        | Found an ancient bone altar of Kikubaaqudgha.
    38 | D        | Found a hide-covered altar of Uskayaw.
    38 | D        | Found a broken altar of Ashenzari.
    39 | D        | Became a worshipper of Sif Muna the Loreminder
   344 | D        | Reached * piety under Sif Muna
   346 | D        | Reached XP level 2. HP: 13/13 MP: 0/7
   836 | D        | Noticed a warg
   836 | D        | Noticed a scorpion
   852 | D        | Mangled by a warg

Illustrated notes

Levels and vault maps discovered:
D:        pitsprint [storerooms_1, entrance_room_1, metal_vault_1, armoury_2,
          mini_pit_1, grid_room_1, main_hall_1, silver_pit, the_coven_3,
          the_vestibule_1, steel_vault_4, golden_pit, hallway_of_sentries,
          crystal_vault_6, iron_vault_5, final_vault]

Skill      XL: |  1 |
---------------+----+-----
Conjurations   | 2 |  2.3
Earth Magic    | 3 |  3.9
Spellcasting   | 3 |  3.7
Dodging        | |  2.6
Stealth        | |  3.0

Action                     || total
---------------------------++-------
   Cast: Sandblast         ||    15
    Use: Potion            ||     1
 Armour: Robe              ||     3
  Dodge: Dodged            ||    13
